Map: Dreamcatcher LE

Players

HeroMarine - Winner!

  • Race: Terran Terran
  • Spawn Location: 11:00

Namshar

  • Race: Zerg Zerg
  • Spawn Location: 5:00

Event: WCS Valencia 2018

VOD

Have the link to the VOD?

Description

Time

  • Played on: July 12, 2018, 1:31 p.m.
  • Length: 9:05

All games in this series

Show
View Real Time Build Order
Export as new Build Order

HeroMarine Terran - Winner!

Build Orders: Hellion Opening, Reaper Expand, Mech 

Get SALT Encoding   

  12  0:00  SCV  
  13  0:12  SCV  
  14  0:17  Supply Depot  
  14  0:25  SCV  
  15  0:39  SCV  
  15  0:40  Barracks  
  16  0:44  Refinery  
  16  0:51  SCV  
  17  1:03  SCV  
  18  1:15  SCV  
  19  1:27  Reaper, Orbital Command  
  20  1:40  Command Center  
  20  1:50  Supply Depot  
  20  1:53  SCV  
  21  1:59  Marine  
  22  2:05  SCV  
  22  2:07  Factory  
  23  2:12  Refinery  
  23  2:17  SCV  
  23  2:22  Barracks Reactor  
  24  2:29  SCV  
  25  2:42  SCV  
  26  2:52  Orbital Command  
  26  2:54  Starport, SCV  
  27  3:02  Hellion x2  
  27  3:04  Barracks Tech Lab  
  31  3:06  SCV  
  32  3:12  Supply Depot  
  32  3:18  SCV x2  
  34  3:24  Hellion x2  
  38  3:30  SCV x2  
  40  3:36  Viking  
  40  3:40  Supply Depot  
  42  3:42  SCV x2  
  42  3:45  Hellion x2  
  48  3:54  SCV x2  
  50  4:02  Armory  
  50  4:05  Supply Depot  
  50  4:06  SCV x2, Medivac  
  54  4:11  Hellion  
  54  4:12  Hellion  
  58  4:18  SCV x2  
  58  4:22  Liberator  
  60  4:26  Supply Depot  
  60  4:28  Supply Depot  
  60  4:30  SCV x2  
  62  4:33  Hellion  
  62  4:34  Hellion  
  66  4:42  SCV  
  70  4:48  SCV  
  71  4:54  Hellion  
  71  4:55  Hellion, SCV  
  76  5:00  SCV  
  76  5:01  Terran Vehicle Weapons Level 1  
  76  5:02  Command Center  
  76  5:05  Liberator  
  75  5:16  Hellion  
  75  5:17  Hellion, SCV x2  
  81  5:23  Barracks Tech Lab  
  82  5:30  SCV  
  82  5:31  SCV  
  82  5:32  Refinery  
  82  5:33  Refinery  
  82  5:37  Hellion  
  82  5:38  Hellion  
  84  5:43  SCV x2  
  84  5:46  Hellion x2  
  82  5:55  Factory  
  82  5:56  Factory, SCV x2  
  80  5:58  Hellion  
  80  6:00  Hellion, Engineering Bay x2  
  76  6:16  SCV x2  
  73  6:20  Hellion  
  73  6:21  Hellion  
  73  6:22  Hellion x4  
  73  6:24  Starport Reactor  
  77  6:28  SCV  
  77  6:29  Barracks Tech Lab, SCV  
  77  6:30  Terran Infantry Armor Level 1, Terran Infantry Weapons Level 1  
  79  6:41  SCV x2  
  79  6:47  Stimpack, Refinery  
  81  6:50  Orbital Command  
  81  6:51  Refinery  
  81  6:53  SCV x2  
  80  6:54  Siege Tank x2  
  80  6:55  Hellion x2  
  90  7:05  Supply Depot, SCV x2  
  90  7:06  Supply Depot  
  92  7:15  Starport Reactor  
  92  7:16  Hellion  
  92  7:17  Hellion, SCV x2  
  85  7:26  Siege Tank  
  87  7:30  Orbital Command  
  87  7:32  SCV x3  
  87  7:33  Siege Tank  
  93  7:41  Hellion x4  
  93  7:43  Hellion x2  
  92  7:44  SCV x2  
  91  7:55  Hellion x2  
  91  7:56  SCV  
  91  7:57  SCV x2  
  93  7:58  Siege Tank  
  93  7:59  Refinery  
  93  8:02  Refinery  
  91  8:05  Medivac x2  
  91  8:08  SCV  
  91  8:09  SCV x2  
  98  8:15  Siege Tank  
  101  8:21  SCV x3  
  101  8:22  Hellion x2  
  106  8:32  Siege Tank  
  106  8:33  SCV x3  
  110  8:43  Hellion x2  
  110  8:45  SCV x3  
  115  8:50  Barracks  
  115  8:53  Supply Depot x2  
  115  8:54  Barracks  
  113  9:02  Starport Reactor  
Show
View Real Time Build Order
Export as new Build Order

Namshar Zerg 

Build Orders: Hatch First 

Get SALT Encoding   

  12  0:00  Drone  
  13  0:12  Overlord  
  13  0:16  Drone  
  14  0:30  Drone  
  14  0:31  Drone  
  14  0:34  Drone  
  17  0:51  Hatchery  
  17  0:54  Drone  
  17  0:57  Drone  
  18  1:07  Extractor  
  17  1:12  Spawning Pool  
  17  1:14  Drone  
  17  1:17  Drone  
  18  1:28  Drone  
  19  1:38  Drone  
  20  1:50  Overlord  
  20  2:01  Queen  
  20  2:02  Queen  
  20  2:03  Zergling x4  
  26  2:11  Drone  
  26  2:14  Drone  
  28  2:20  Hatchery  
  27  2:25  Drone x2  
  29  2:34  Metabolic Boost, Drone  
  30  2:39  Drone  
  30  2:43  Overlord  
  31  2:47  Drone  
  32  2:52  Queen  
  32  2:56  Drone  
  35  3:00  Overlord  
  35  3:05  Drone  
  35  3:07  Drone  
  37  3:15  Drone x2  
  37  3:19  Queen  
  39  3:22  Overlord  
  39  3:26  Drone x2  
  43  3:28  Queen  
  45  3:35  Drone  
  45  3:36  Overlord  
  45  3:37  Queen  
  45  3:38  Zergling x2  
  49  3:46  Zergling x6  
  52  3:54  Overlord  
  53  3:55  Drone  
  53  3:56  Drone x3  
  56  4:03  Drone  
  56  4:08  Drone  
  56  4:09  Drone x3  
  61  4:15  Drone x5  
  66  4:20  Overlord  
  66  4:23  Overlord  
  66  4:24  Drone  
  66  4:27  Extractor  
  66  4:28  Extractor  
  66  4:30  Zergling x2  
  66  4:35  Zergling x4  
  66  4:37  Drone x3  
  66  4:38  Drone  
  72  4:39  Spore Crawler x2  
  72  4:40  Spore Crawler  
  72  4:44  Drone x4  
  73  4:53  Overlord  
  73  4:54  Lair, Drone x3  
  76  5:06  Overlord  
  77  5:07  Drone x3  
  79  5:17  Evolution Chamber  
  79  5:18  Baneling Nest, Evolution Chamber  
  79  5:20  Zergling x2  
  68  5:29  Zergling x8  
  69  5:36  Zergling x2  
  69  5:37  Zergling x4  
  69  5:40  Zergling x6  
  69  5:41  Zergling x2  
  75  5:49  Zergling x2  
  72  5:50  Zergling x2  
  72  5:56  Zergling x6  
  72  6:01  Zergling x4  
  72  6:02  Zergling x4  
  69  6:08  Zergling x2  
  69  6:09  Zergling x2  
  68  6:18  Drone x3  
  68  6:19  Drone  
  68  6:23  Queen x3  
  69  6:40  Drone x5  
  69  6:41  Drone  
  75  6:47  Drone  
  75  6:49  Zerg Ground Armor Level 1, Zerg Melee Weapons Level 1  
  75  6:52  Zergling x4  
  77  6:59  Queen x2  
  81  7:06  Queen  
  83  7:13  Zergling x8  
  86  7:18  Drone x2  
  86  7:19  Roach Warren  
  86  7:20  Hydralisk Den  
  86  7:22  Zergling x6  
  89  7:27  Extractor  
  68  7:45  Drone  
  68  7:46  Drone x9  
  64  7:55  Drone x2  
  65  8:07  Roach  
  65  8:08  Roach x3  
  71  8:14  Infestation Pit  
  71  8:15  Drone x2  
  71  8:17  Extractor  
  69  8:21  Roach x2  
  71  8:32  Roach x7  
  71  8:33  Ravager  
  84  8:35  Ravager  
  85  8:45  Roach  
  85  8:46  Roach x3  
Tags
 
Add a new tag
Caveats
  • Supply blocks, unpowered buildings, or Contaminate may cause inaccurate times.
  • Supply counts are checked every 10 seconds.